[Event "African Games-chT 2019"]
[Site "Casablanca"]
[Date "2019.08.24"]
[Round "1"]
[White "Nkhoma, Desiderata"]
[Black "Ogbiyoyo, Perpetual Eloho"]
[Result "0-1"]
[ECO "C50"]
[WhiteElo "1481"]
[BlackElo "1831"]
[Annotator "NA"]
[PlyCount "65"]
[EventDate "2019.08.24"]
[EventType "team-tourn"]
[EventCountry "MAR"]
[SourceTitle "playchess.com"]
[Source "ChessBase"]
[SourceQuality "1"]
[WhiteTeam "MAW"]
[BlackTeam "Nigeria"]
[BlackTeamCountry "NGR"]
[TimeControl "900+10"]

1. e4 e5 2. Nf3 Nc6 3. Bc4 Bc5 4. O-O Nf6 5. Nc3 O-O 6. d3 h6 7. Ne2 d6 8. Ng3 Be6 9. Bb3 Nh7 10. c3 Bxb3 11. axb3 Ne7 12. d4 exd4 13. cxd4 Bb6 14. Be3 Ng6 15. Qd3 Re8 16. Qc4 c6 17. h3 d5 18. exd5 cxd5 19. Qd3 Rc8 20. Rac1 Qf6 21. Nh5 Qe6 22. Bf4 Nf6 23. Rfe1 Rxc1 24. Nxf6+ Qxf6 25. Bxc1 Rxe1+ 26. Nxe1 Qxd4 27. Qc2 Qe5 28. Nf3 Qe4 29. Qc8+ Kh7 30. Qxb7 Qe2 31. Qxd5 Qxf2+ 32. Kh1 Qf1+ 33. Kh2 0-1

[Event "African Games-chT 2019"]
[Site "Casablanca"]
[Date "2019.08.24"]
[Round "1"]
[White "Beekhy, Aamirah"]
[Black "Mululu Linah"]
[Result "0-1"]
[ECO "D02"]
[WhiteElo "1373"]
[BlackElo "1633"]
[Annotator "NA"]
[PlyCount "56"]
[EventDate "2019.08.24"]
[EventType "team-tourn"]
[EventCountry "MAR"]
[SourceTitle "playchess.com"]
[Source "ChessBase"]
[SourceQuality "1"]
[WhiteTeam "Mauritius"]
[BlackTeam "Zambia"]
[WhiteTeamCountry "MRI"]
[BlackTeamCountry "ZAM"]
[TimeControl "900+10"]

1. d4 d5 2. Nf3 Nf6 3. Bf4 Bf5 4. h3 e6 5. e3 h6 6. Be2 Bd6 7. Bxd6 Qxd6 8. O-O O-O 9. c4 c5 10. cxd5 Nxd5 11. Qb3 b6 12. Nc3 Nxc3 13. bxc3 Nd7 14. Rfd1 Qe7 15. Rd2 Rac8 16. Rad1 Rc7 17. Bb5 Nf6 18. Ne5 Be4 19. f3 Bb7 20. dxc5 Qxc5 21. Nd7 Qxe3+ 22. Kh1 Nxd7 23. Rxd7 Rxc3 24. Qb1 Bxf3 25. Bf1 Be4 26. Qb4 Qxh3+ 27. Kg1 Qe3+ 28. Kh1 Rc5 0-1

[Event "African Games-chT 2019"]
[Site "Casablanca"]
[Date "2019.08.24"]
[Round "2.3"]
[White "Caxita, Esperanca"]
[Black "Wafa, Shrook"]
[Result "0-1"]
[ECO "B21"]
[WhiteElo "1803"]
[BlackElo "2183"]
[Annotator "NA"]
[PlyCount "60"]
[EventDate "2019.08.24"]
[EventType "team-tourn"]
[EventCountry "MAR"]
[SourceTitle "playchess.com"]
[Source "ChessBase"]
[SourceQuality "1"]
[WhiteTeam "Angola"]
[BlackTeam "Egypt"]
[WhiteTeamCountry "ANG"]
[BlackTeamCountry "EGY"]
[TimeControl "900+10"]

1. e4 c5 2. f4 Nc6 3. Nf3 g6 4. Bb5 Bg7 5. O-O d6 6. Nc3 Bd7 7. Re1 Nf6 8. a3 O-O 9. Bc4 a6 10. d3 b5 11. Ba2 Rc8 12. h3 b4 13. axb4 cxb4 14. Nd5 Nxd5 15. Bxd5 Nd4 16. Nxd4 Bxd4+ 17. Kh2 a5 18. Bb3 Qc7 19. Ra2 Be6 20. Bxe6 fxe6 21. b3 Qc5 22. Qe2 Kg7 23. g3 e5 24. Rf1 e6 25. Qg4 Rce8 26. Qe2 Rf7 27. Bb2 Bxb2 28. Rxb2 Ref8 29. Qd2 exf4 30. Rbb1 fxg3+ 0-1

[Event "African Games-chT 2019"]
[Site "Casablanca"]
[Date "2019.08.24"]
[Round "2.4"]
[White "Wafa, Shahenda"]
[Black "Pires, Luzia"]
[Result "1-0"]
[ECO "B76"]
[WhiteElo "2139"]
[BlackElo "1924"]
[Annotator "NA"]
[PlyCount "93"]
[EventDate "2019.08.24"]
[EventType "team-tourn"]
[EventCountry "MAR"]
[SourceTitle "playchess.com"]
[Source "ChessBase"]
[SourceQuality "1"]
[WhiteTeam "Egypt"]
[BlackTeam "Angola"]
[WhiteTeamCountry "EGY"]
[BlackTeamCountry "ANG"]
[TimeControl "900+10"]

1. e4 c5 2. Nf3 d6 3. d4 cxd4 4. Nxd4 Nf6 5. Nc3 g6 6. Be3 Bg7 7. f3 O-O 8. Qd2 Nc6 9. g4 Nxd4 10. Bxd4 Be6 11. h4 Nd7 12. Bxg7 Kxg7 13. h5 Rh8 14. h6+ Kf8 15. O-O-O Qa5 16. a3 Rc8 17. Be2 Ne5 18. Rhg1 Bc4 19. Bxc4 Nxc4 20. Qd5 Qxd5 21. Nxd5 f6 22. a4 Kf7 23. b3 Ne5 24. f4 Nd7 25. g5 Nc5 26. gxf6 exf6 27. Nc3 Nxb3+ 28. Kb2 Na5 29. Nb5 Nc4+ 30. Kb3 Rc6 31. Nxa7 Na5+ 32. Kb4 Ra6 33. Nb5 Rd8 34. Rd5 Nc6+ 35. Kb3 Ne7 36. Rd4 d5 37. e5 Nc6 38. Rdd1 fxe5 39. fxe5 Nxe5 40. Rgf1+ Kg8 41. Rde1 Ng4 42. Re7 Rf6 43. Rxf6 Nxf6 44. Rxb7 Ng4 45. a5 Nxh6 46. a6 Nf5 47. a7 1-0

[Event "African Games-chT 2019"]
[Site "Casablanca"]
[Date "2019.08.24"]
[Round "2.5"]
[White "Hamdouchi, Hicham"]
[Black "Zaibi, Amir"]
[Result "0-1"]
[ECO "B47"]
[WhiteElo "2562"]
[BlackElo "2367"]
[Annotator "ChessBase"]
[PlyCount "131"]
[EventDate "2019.08.24"]
[EventType "team-tourn"]
[EventCountry "MAR"]
[SourceTitle "playchess.com"]
[Source "ChessBase"]
[SourceQuality "1"]
[WhiteTeam "Morocco"]
[BlackTeam "Tunisia"]
[WhiteTeamCountry "MAR"]
[BlackTeamCountry "TUN"]
[TimeControl "900+10"]

1. e4 c5 2. Nc3 e6 3. Nge2 Nc6 4. d4 cxd4 5. Nxd4 Qc7 6. g3 a6 7. Bg2 h5 8. Nf3 Nf6 9. O-O b5 10. Qe2 Bb7 11. Bf4 d6 12. Rad1 Ne5 13. a3 Be7 14. h3 Rc8 15. Nd4 Nc4 16. Bc1 Qb6 17. Rfe1 Nd7 18. b3 Nce5 19. Bb2 g5 20. f4 h4 21. fxe5 dxe5 22. Nd5 exd5 23. exd5 hxg3 24. Kh1 Qg6 25. Nc6 Rxc6 26. dxc6 Bxc6 27. Kg1 Bc5+ 28. Bd4 Bxd4+ 29. Rxd4 Bxg2 30. Kxg2 O-O 31. Rd3 f5 32. Qd2 Nf6 33. Rd6 f4 34. Rxe5 f3+ 35. Kxg3 f2 36. Kxf2 Ne4+ 37. Kg2 Qxd6 38. Rxg5+ Kh7 39. Rh5+ Kg7 40. Qxd6 Nxd6 41. Rd5 Rf6 42. Rc5 Nf5 43. c4 bxc4 44. bxc4 Ne3+ 45. Kg3 Kg6 46. Rc8 Nf1+ 47. Kg2 Ne3+ 48. Kg3 Nf5+ 49. Kg2 Kg5 50. c5 Kf4 51. Kf2 Nd4 52. h4 Rh6 53. Rd8 Ke5 54. Kg3 Nf5+ 55. Kg4 Rxh4+ 56. Kg5 Rh7 57. Re8+ Re7 58. Rg8 Rg7+ 59. Rxg7 Nxg7 60. Kg6 Ne6 61. c6 Kd6 62. Kf6 Nc7 63. Kf5 Kxc6 64. Ke4 Kb5 65. Kd3 Ka4 66. Kd4 0-1

[Event "African Games-chT 2019"]
[Site "Casablanca"]
[Date "2019.08.24"]
[Round "2.6"]
[White "Boudriga, Mohamed Ali"]
[Black "Tissir, Mohamed"]
[Result "0-1"]
[ECO "B06"]
[WhiteElo "2325"]
[BlackElo "2379"]
[Annotator "ChessBase"]
[PlyCount "86"]
[EventDate "2019.08.24"]
[EventType "team-tourn"]
[EventCountry "MAR"]
[SourceTitle "playchess.com"]
[Source "ChessBase"]
[SourceQuality "1"]
[WhiteTeam "Tunisia"]
[BlackTeam "Morocco"]
[WhiteTeamCountry "TUN"]
[BlackTeamCountry "MAR"]
[TimeControl "900+10"]

1. e4 d6 2. d4 g6 3. Nc3 Bg7 4. Be3 Nd7 5. Nf3 c6 6. Bd3 e5 7. dxe5 dxe5 8. O-O Ngf6 9. h3 O-O 10. Qd2 Qe7 11. Ne2 Nh5 12. Rad1 a5 13. Qc3 h6 14. Rfe1 Re8 15. Nh2 Nf4 16. Qd2 g5 17. Ng3 Nf6 18. Qc3 Bf8 19. a3 h5 20. Nf3 h4 21. Bxf4 gxf4 22. Nf5 Bxf5 23. exf5 e4 24. Bc4 Bg7 25. Qd2 Qc5 26. Qd4 Qxf5 27. Nh2 Nd5 28. Qc5 Bf8 29. Rxd5 cxd5 30. Qxd5 Qxd5 31. Bxd5 e3 32. fxe3 Bc5 33. Ng4 Kg7 34. Kf1 f5 35. Nh2 Rad8 36. Bc4 Rd2 37. Bd3 fxe3 38. Nf3 Rf2+ 39. Kg1 Kf6 40. Be2 Re4 41. Kh1 Bd6 42. Bd3 Re8 43. Nd4 Ke5 0-1

[Event "African Games-chT 2019"]
[Site "Casablanca"]
[Date "2019.08.24"]
[Round "2.7"]
[White "Mayar ElIdrissi, Firdaous"]
[Black "Marzouk, Amira"]
[Result "0-1"]
[ECO "B20"]
[WhiteElo "1760"]
[BlackElo "1698"]
[Annotator "NA"]
[PlyCount "88"]
[EventDate "2019.08.24"]
[EventType "team-tourn"]
[EventCountry "MAR"]
[SourceTitle "playchess.com"]
[Source "ChessBase"]
[SourceQuality "1"]
[WhiteTeam "Morocco"]
[BlackTeam "Tunisia"]
[WhiteTeamCountry "MAR"]
[BlackTeamCountry "TUN"]
[TimeControl "900+10"]

1. e4 c5 2. d3 d6 3. Nf3 Nf6 4. g3 g6 5. Bg2 Bg7 6. O-O Nc6 7. Be3 O-O 8. h3 b5 9. Nbd2 a5 10. c3 Bd7 11. Ne1 Qc8 12. Kh2 b4 13. Rc1 Qa6 14. Qe2 Be6 15. cxb4 axb4 16. e5 Nxe5 17. Bxa8 Rxa8 18. f4 Ned7 19. Nef3 Nd5 20. Bg1 Bxb2 21. Rc2 Bg7 22. Ng5 Nc3 23. Qe1 Qxd3 24. Nxe6 Qxc2 25. Nxg7 Kxg7 26. Rf2 Nd5 27. Ne4 Qc4 28. Qa1+ Kg8 29. Nd2 Qc3 30. Qb1 N7f6 31. f5 Ra3 32. Nb3 c4 33. Rc2 Qd3 34. Bf2 cxb3 35. Rc8+ Kg7 36. Qxd3 bxa2 37. Qxa3 bxa3 38. Bd4 Nb4 39. fxg6 hxg6 40. Kg2 e5 41. Ba1 Ne4 42. Rc4 Nxg3 43. Rxb4 Nf5 44. Rb3 Nh4+ {[%emt 0:02:01] Rxa3} 0-1

[Event "African Games-chT 2019"]
[Site "Casablanca"]
[Date "2019.08.24"]
[Round "2.8"]
[White "Miladi, Amen"]
[Black "Rania, Sbai"]
[Result "0-1"]
[ECO "C54"]
[WhiteElo "1811"]
[BlackElo "1853"]
[Annotator "NA"]
[PlyCount "88"]
[EventDate "2019.08.24"]
[EventType "team-tourn"]
[EventCountry "MAR"]
[SourceTitle "playchess.com"]
[Source "ChessBase"]
[SourceQuality "1"]
[WhiteTeam "Tunisia"]
[BlackTeam "Morocco"]
[WhiteTeamCountry "TUN"]
[BlackTeamCountry "MAR"]
[TimeControl "900+10"]

1. e4 e5 2. Nf3 Nc6 3. Bc4 Bc5 4. c3 Nf6 5. d3 d6 6. Bb3 h6 7. Nbd2 a6 8. Nf1 O-O 9. Ng3 Bg4 10. h3 Be6 11. Bc2 Ne7 12. O-O c6 13. d4 exd4 14. cxd4 Bb6 15. Be3 Ng6 16. Nd2 c5 17. dxc5 Bxc5 18. Qe2 Bxe3 19. Qxe3 Rc8 20. Bb3 Bxb3 21. Qxb3 Rc7 22. Rac1 Re8 23. Rfe1 Qd7 24. Rcd1 Rec8 25. Nf3 Qc6 26. Nd4 Qc4 27. Qxc4 Rxc4 28. Ndf5 Rc2 29. Nxd6 R8c7 30. e5 Nd7 31. Rb1 Ndxe5 32. f4 Nd3 33. Re8+ Kh7 34. Re2 Ngxf4 35. Re3 Rxg2+ 36. Kf1 Rf2+ 37. Kg1 Nxh3+ 38. Kh1 Rfc2 39. Rxd3 Nf2+ 40. Kg1 Nxd3 41. Nge4 Rc1+ 42. Rxc1 Rxc1+ 43. Kg2 Rc2+ 44. Kf3 Rxb2 0-1

[Event "African Games-chT 2019"]
[Site "Casablanca"]
[Date "2019.08.24"]
[Round "2.9"]
[White "Makoto, Rodwell"]
[Black "Bellahcene, Bilel"]
[Result "0-1"]
[ECO "A09"]
[WhiteElo "2373"]
[BlackElo "2550"]
[Annotator "ChessBase"]
[PlyCount "72"]
[EventDate "2019.08.24"]
[EventType "team-tourn"]
[EventCountry "MAR"]
[SourceTitle "playchess.com"]
[Source "ChessBase"]
[SourceQuality "1"]
[WhiteTeam "Zimbabwe"]
[BlackTeam "Algeria"]
[WhiteTeamCountry "ZIM"]
[BlackTeamCountry "ALG"]
[TimeControl "900+10"]

1. Nf3 d5 2. c4 d4 3. b4 g5 4. e3 e5 5. Bb2 Bg7 6. exd4 exd4 7. Bd3 g4 8. Qe2+ Ne7 9. Ne5 O-O 10. O-O Re8 11. f4 Nec6 12. b5 Nxe5 13. fxe5 Nd7 14. Qe4 Qh4 15. g3 Qh6 16. Bxd4 Nxe5 17. Bxe5 Rxe5 18. Qf4 Qxf4 19. gxf4 Re8 20. Nc3 Rd8 21. Be4 Rxd2 22. Rac1 a6 23. a4 axb5 24. cxb5 Bd4+ 25. Kh1 Bxc3 26. Rxc3 Rxa4 27. Re1 Bd7 28. Rxc7 Bxb5 29. Bxb7 Rxf4 30. Rc5 Be2 31. Kg2 h6 32. Kg3 Rf6 33. Be4 Kg7 34. Rf5 Re6 35. Bd5 Re3+ 36. Kf4 Re7 0-1

[Event "African Games-chT 2019"]
[Site "Casablanca"]
[Date "2019.08.24"]
[Round "2.10"]
[White "Arab, Adlane"]
[Black "Mushore, Emarald Takudzwa"]
[Result "1-0"]
[ECO "E06"]
[WhiteElo "2485"]
[BlackElo "2198"]
[Annotator "ChessBase"]
[PlyCount "83"]
[EventDate "2019.08.24"]
[EventType "team-tourn"]
[EventCountry "MAR"]
[SourceTitle "playchess.com"]
[Source "ChessBase"]
[SourceQuality "1"]
[WhiteTeam "Algeria"]
[BlackTeam "Zimbabwe"]
[WhiteTeamCountry "ALG"]
[BlackTeamCountry "ZIM"]
[TimeControl "900+10"]

1. d4 Nf6 2. c4 e6 3. g3 d5 4. Nf3 Be7 5. Bg2 O-O 6. O-O dxc4 7. Qc2 c5 8. Qxc4 Nc6 9. dxc5 Qd5 10. Qc2 Qxc5 11. Nc3 Qh5 12. h3 Bd7 13. Rd1 Rfd8 14. Bf4 Rac8 15. a3 Qc5 16. Rac1 Be8 17. b4 Rxd1+ 18. Qxd1 Qb6 19. Be3 Qd8 20. Qb3 a6 21. Na4 Qd5 22. Qb2 Rd8 23. Nd4 Qd6 24. Nxc6 Bxc6 25. Bxc6 bxc6 26. Bc5 Qd7 27. Nb6 Qb7 28. Bxe7 Qxe7 29. Rxc6 h6 30. Qc2 g6 31. Qc3 Qb7 32. Qc4 Rd1+ 33. Kh2 Kg7 34. a4 h5 35. a5 h4 36. g4 Nd5 37. Nxd5 exd5 38. Qc3+ d4 39. Qf3 Qb8+ 40. Kg2 Qxb4 41. Qf6+ Kh7 42. Qxf7+ 1-0

[Event "African Games-chT 2019"]
[Site "Casablanca"]
[Date "2019.08.24"]
[Round "2.11"]
[White "Shaba, Linda"]
[Black "Nassr, Lina"]
[Result "1/2-1/2"]
[ECO "D02"]
[WhiteElo "1615"]
[BlackElo "1938"]
[Annotator "NA"]
[PlyCount "85"]
[EventDate "2019.08.24"]
[EventType "team-tourn"]
[EventCountry "MAR"]
[SourceTitle "playchess.com"]
[Source "ChessBase"]
[SourceQuality "1"]
[WhiteTeam "Zimbabwe"]
[BlackTeam "Algeria"]
[WhiteTeamCountry "ZIM"]
[BlackTeamCountry "ALG"]
[TimeControl "900+10"]

1. d4 d5 2. Nf3 Nf6 3. g3 e6 4. Bg2 Be7 5. O-O b6 6. c4 O-O 7. cxd5 exd5 8. Nc3 Bb7 9. Ne5 Re8 10. Qc2 Nbd7 11. Nxd7 Qxd7 12. Bg5 h6 13. Bxf6 Bxf6 14. e3 a6 15. Rac1 Rac8 16. Qb3 Red8 17. Ne2 Qd6 18. Bh3 Rb8 19. Rc2 c5 20. dxc5 bxc5 21. Qd3 c4 22. Qd2 d4 23. Nxd4 Qd5 24. f3 Rd6 25. Bg2 Rbd8 26. f4 Qxg2+ 27. Qxg2 Bxg2 28. Kxg2 Bxd4 29. exd4 Rxd4 30. Rfc1 Kh7 31. Kh3 Rd2 32. Rxd2 Rxd2 33. Rxc4 Rxb2 34. Ra4 Rb6 35. Kg4 Kg6 36. Ra5 Kf6 37. h3 g6 38. Kf3 Ke6 39. Re5+ Kd6 40. Ra5 Ke6 41. Re5+ Kd6 42. Ra5 Ke6 43. Re5+ 1/2-1/2

[Event "African Games-chT 2019"]
[Site "Casablanca"]
[Date "2019.08.24"]
[Round "2.12"]
[White "Latreche, Sabrina"]
[Black "Wakuruwarewa, Colletta"]
[Result "1-0"]
[ECO "C00"]
[WhiteElo "2064"]
[BlackElo "1587"]
[Annotator "NA"]
[PlyCount "109"]
[EventDate "2019.08.24"]
[EventType "team-tourn"]
[EventCountry "MAR"]
[SourceTitle "playchess.com"]
[Source "ChessBase"]
[SourceQuality "1"]
[WhiteTeam "Algeria"]
[BlackTeam "Zimbabwe"]
[WhiteTeamCountry "ALG"]
[BlackTeamCountry "ZIM"]
[TimeControl "900+10"]

1. e4 e6 2. Qe2 c5 3. g3 Nc6 4. Bg2 Nd4 5. Qd1 d5 6. c3 Nc6 7. exd5 exd5 8. Qe2+ Be7 9. Nf3 Nf6 10. O-O O-O 11. d3 h6 12. Bf4 Bf5 13. Na3 a6 14. Rad1 Re8 15. Qd2 Bd6 16. Nc2 Qc7 17. Bxd6 Qxd6 18. Ne3 Be6 19. Rfe1 d4 20. cxd4 Nxd4 21. Nxd4 Qxd4 22. Bxb7 Rab8 23. Bc6 Rec8 24. Nc2 Qd6 25. Bg2 Rxb2 26. a3 Bb3 27. Qc3 Bxc2 28. Qxb2 Bxd1 29. Rxd1 Rb8 30. Qc3 Qd4 31. Rc1 Rd8 32. Bf1 Rd5 33. Qxd4 cxd4 34. Rc4 Nd7 35. Bg2 Rd6 36. Rc8+ Kh7 37. Rc4 Ne5 38. Ra4 g6 39. Bf1 Kg7 40. Ra5 Nd7 41. Kg2 Nf6 42. Be2 Nd5 43. Bf3 Nc7 44. Rc5 Nb5 45. a4 Nc3 46. a5 Na4 47. Rc6 Rxc6 48. Bxc6 Nc5 49. Kf3 f5 50. Ke2 Kf6 51. f4 Ke6 52. Be8 Kf6 53. Bc6 Ke6 54. Be8 Kf6 55. Bc6 1-0

[Event "African Games-chT 2019"]
[Site "Casablanca"]
[Date "2019.08.24"]
[Round "2.13"]
[White "Gohil, Mehul"]
[Black "Chumfwa, Stanley"]
[Result "0-1"]
[ECO "A45"]
[WhiteElo "2076"]
[BlackElo "2317"]
[Annotator "NA"]
[PlyCount "100"]
[EventDate "2019.08.24"]
[EventType "team-tourn"]
[EventCountry "MAR"]
[SourceTitle "playchess.com"]
[Source "ChessBase"]
[SourceQuality "1"]
[WhiteTeam "Kenya"]
[BlackTeam "Zambia"]
[WhiteTeamCountry "KEN"]
[BlackTeamCountry "ZAM"]
[TimeControl "900+10"]

1. d4 Nf6 2. Bg5 e6 3. e4 h6 4. Bxf6 Qxf6 5. c3 d5 6. Nd2 c5 7. Ngf3 Nc6 8. Bb5 Bd7 9. O-O cxd4 10. Nxd4 dxe4 11. Nxe4 Qf4 12. Re1 Be7 13. g3 Qc7 14. Qg4 O-O 15. Nxc6 bxc6 16. Bd3 f5 17. Qg6 fxe4 18. Qxe4 Rf6 19. Qh7+ Kf7 20. Be2 Qe5 21. Rad1 Rd8 22. Bd3 Qc5 23. Re3 Be8 24. b4 Qh5 25. Rde1 Rd5 26. Qh8 Rdf5 27. Bc4 Rxf2 28. Bxe6+ Rxe6 29. Kxf2 Qxh2+ 30. Kf3 Qh5+ 31. Kg2 Qd5+ 32. Kg1 Rxe3 33. Rxe3 Qd1+ 34. Kf2 Qd2+ 35. Kf3 Qd1+ 36. Kf2 Qd2+ 37. Kf3 Qd5+ 38. Kf2 Qxa2+ 39. Kg1 Qb1+ 40. Kf2 Qc2+ 41. Kf3 Qf5+ 42. Kg2 Qd5+ 43. Kf2 c5 44. Qh7 cxb4 45. Rf3+ Bf6 46. cxb4 Bc6 47. Rd3 Bd4+ 48. Ke2 Qg2+ 49. Kd1 Ba4+ 50. Ke1 Qf2# 0-1

[Event "African Games-chT 2019"]
[Site "Casablanca"]
[Date "2019.08.24"]
[Round "2.14"]
[White "Kayonde, Andrew"]
[Black "Sang, Ricky"]
[Result "1-0"]
[ECO "D00"]
[WhiteElo "2384"]
[BlackElo "1971"]
[Annotator "ChessBase"]
[PlyCount "125"]
[EventDate "2019.08.24"]
[EventType "team-tourn"]
[EventCountry "MAR"]
[SourceTitle "playchess.com"]
[Source "ChessBase"]
[SourceQuality "1"]
[WhiteTeam "Zambia"]
[BlackTeam "Kenya"]
[WhiteTeamCountry "ZAM"]
[BlackTeamCountry "KEN"]
[TimeControl "900+10"]

1. d4 d5 2. Bf4 Nf6 3. e3 e6 4. Nf3 c5 5. c3 Bd6 6. Ne5 O-O 7. Nd2 Nc6 8. Bg3 Qc7 9. f4 b6 10. Bd3 Bb7 11. O-O Ne7 12. Rc1 Ne4 13. Be1 f5 14. Ndf3 c4 15. Bxe4 dxe4 16. Ng5 Bd5 17. Qh5 h6 18. Ngf7 Bxe5 19. Nxe5 Nc6 20. Rc2 Nxe5 21. fxe5 Qf7 22. Qh3 Qg6 23. Rf4 Rf7 24. Rcf2 Raf8 25. Rh4 Kh7 26. Rff4 a5 27. a3 a4 28. Rh5 b5 29. Bg3 Rc7 30. Rfh4 Kg8 31. Bf4 Qe8 32. Qg3 Kf7 33. Bxh6 gxh6 34. Rxh6 Rg8 35. Rh7+ Kf8 36. Qxg8+ Kxg8 37. Rh8+ Kg7 38. R4h7+ Kg6 39. Rh6+ Kg7 40. R8h7+ Kg8 41. Rxc7 Qf8 42. Rch7 f4 43. Rh8+ Kg7 44. R6h7+ Kg6 45. Rxf8 Kxh7 46. exf4 Kg6 47. Kf2 Kg7 48. Rb8 Bc6 49. Rc8 Bd5 50. Rc5 Kg6 51. g4 Kf7 52. Rxb5 Bc6 53. Rc5 Bd5 54. h4 Kg6 55. f5+ Kf7 56. g5 Ba8 57. fxe6+ Kxe6 58. Rxc4 Kf5 59. Ke3 Kg4 60. g6 Bd5 61. Rc5 Bg8 62. Rc8 Be6 63. g7 1-0

[Event "African Games-chT 2019"]
[Site "Casablanca"]
[Date "2019.08.24"]
[Round "2.15"]
[White "Ndirangu, Joyce Nyaruai"]
[Black "Mwango, Lorita"]
[Result "1-0"]
[ECO "D00"]
[WhiteElo "1662"]
[BlackElo "1947"]
[Annotator "NA"]
[PlyCount "63"]
[EventDate "2019.08.24"]
[EventType "team-tourn"]
[EventCountry "MAR"]
[SourceTitle "playchess.com"]
[Source "ChessBase"]
[SourceQuality "1"]
[WhiteTeam "Kenya"]
[BlackTeam "Zambia"]
[WhiteTeamCountry "KEN"]
[BlackTeamCountry "ZAM"]
[TimeControl "900+10"]

1. d4 d5 2. Bf4 Nf6 3. e3 e6 4. Bd3 Be7 5. Nf3 O-O 6. Nbd2 c5 7. c3 Nc6 8. Ne5 Bd7 9. Qf3 Nxe5 10. dxe5 Ne8 11. h4 c4 12. Bc2 f5 13. Qh3 Kh8 14. Nf3 b5 15. Bg5 b4 16. g4 Rb8 17. gxf5 exf5 18. Nd4 h6 19. e6 Bb5 20. Rg1 Nd6 21. Bxf5 Qe8 22. Qg4 Nxf5 23. Nxf5 h5 24. Qh3 Bxg5 25. Rxg5 g6 26. Nd6 Qe7 27. Qg3 Rf6 28. Nf7+ Rxf7 29. exf7 Rf8 30. Rxg6 Rxf7 31. Rg8+ Kh7 32. Qg6# 1-0

[Event "African Games-chT 2019"]
[Site "Casablanca"]
[Date "2019.08.24"]
[Round "2.16"]
[White "Mululu Linah"]
[Black "Mongeli, Sasha"]
[Result "0-1"]
[ECO "A46"]
[WhiteElo "1633"]
[BlackElo "1527"]
[Annotator "NA"]
[PlyCount "43"]
[EventDate "2019.08.24"]
[EventType "team-tourn"]
[EventCountry "MAR"]
[SourceTitle "playchess.com"]
[Source "ChessBase"]
[SourceQuality "1"]
[WhiteTeam "Zambia"]
[BlackTeam "Kenya"]
[WhiteTeamCountry "ZAM"]
[BlackTeamCountry "KEN"]
[TimeControl "900+10"]

1. d4 Nf6 2. Nf3 d5 3. c4 e6 4. g3 Bb4+ 5. Bd2 Be7 6. Bg2 b6 7. O-O O-O 8. cxd5 Nxd5 9. Nc3 Bb7 10. Qc2 Nd7 11. Rad1 c5 12. Nxd5 Bxd5 13. dxc5 Nxc5 14. b4 Ne4 15. Bf4 Bxb4 16. Rd4 Rc8 17. Qb1 Nc3 18. Qxb4 Nxe2+ 19. Kh1 Nxd4 20. Qxd4 Rc4 21. Qd3 Qc8 22. Qd2 0-1

[Event "African Games-chT 2019"]
[Site "Casablanca"]
[Date "2019.08.24"]
[Round "2.17"]
[White "Adu, Oladapo"]
[Black "Oatlhotse, Providence"]
[Result "1/2-1/2"]
[ECO "B50"]
[WhiteElo "2273"]
[BlackElo "2252"]
[Annotator "NA"]
[PlyCount "164"]
[EventDate "2019.08.24"]
[EventType "team-tourn"]
[EventCountry "MAR"]
[SourceTitle "playchess.com"]
[Source "ChessBase"]
[SourceQuality "1"]
[WhiteTeam "Nigeria"]
[BlackTeam "Botswana"]
[WhiteTeamCountry "NGR"]
[BlackTeamCountry "BOT"]
[TimeControl "900+10"]

1. e4 c5 2. Nf3 d6 3. Nc3 g6 4. d4 cxd4 5. Qxd4 Nf6 6. e5 dxe5 7. Qxd8+ Kxd8 8. Nxe5 Be6 9. Be3 Bg7 10. O-O-O+ Kc8 11. Nb5 Nd5 12. Bd4 f6 13. Nd3 Nc6 14. Nc5 Bg8 15. Bc4 Bh6+ 16. Kb1 Nc3+ 17. Bxc3 Bxc4 18. Na3 Bf7 19. Rhe1 a6 20. Ne6 Bxe6 21. Rxe6 Kc7 22. Nc4 Rad8 23. Rde1 Rd5 24. a4 Rhd8 25. g3 Rd1+ 26. Rxd1 Rxd1+ 27. Ka2 Kd7 28. Re2 e5 29. a5 Bf8 30. Ne3 Rh1 31. h4 Bb4 32. Bxb4 Nxb4+ 33. Kb3 Nc6 34. Rd2+ Ke6 35. Nc4 Ra1 36. Kc3 Nd4 37. Kb4 Nc6+ 38. Kc5 Nxa5 39. Rd6+ Ke7 40. Rb6 h5 41. Ne3 f5 42. b4 f4 43. Nd5+ Kd7 44. bxa5 Rxa5+ 45. Kc4 Rb5 46. Rxg6 Rb1 47. gxf4 exf4 48. Nxf4 a5 49. Nd3 Kc7 50. Rg5 Kb6 51. Rg8 Ka7 52. Rg5 Kb6 53. Rxh5 a4 54. Rh8 Ka7 55. Rh5 Kb6 56. Nc5 a3 57. Na4+ Ka6 58. Nc3 b5+ 59. Kc5 b4 60. Rh6+ Kb7 61. Rh7+ Kb8 62. Na2 Rb2 63. Rh8+ Kb7 64. Rh7+ Kb8 65. Kb6 Kc8 66. Nc1 Rxc2 67. Nb3 Rc3 68. Nd4 b3 69. Rh8+ Kd7 70. Nxb3 Rxb3+ 71. Kc5 a2 72. Ra8 Rb2 73. f4 Ke6 74. Kd4 Kf5 75. Ke3 Rb3+ 76. Kf2 Rb2+ 77. Ke3 Rb3+ 78. Kd4 Rb2 79. h5 Kxf4 80. h6 Rh2 81. h7 Rxh7 82. Rxa2 Rd7+ 1/2-1/2

[Event "African Games-chT 2019"]
[Site "Casablanca"]
[Date "2019.08.24"]
[Round "2.18"]
[White "Khetho, Phemelo"]
[Black "Osunfuyi, Abimbola"]
[Result "0-1"]
[ECO "B20"]
[WhiteElo "2178"]
[BlackElo "2235"]
[Annotator "NA"]
[PlyCount "156"]
[EventDate "2019.08.24"]
[EventType "team-tourn"]
[EventCountry "MAR"]
[SourceTitle "playchess.com"]
[Source "ChessBase"]
[SourceQuality "1"]
[WhiteTeam "Botswana"]
[BlackTeam "Nigeria"]
[WhiteTeamCountry "BOT"]
[BlackTeamCountry "NGR"]
[TimeControl "900+10"]

1. e4 c5 2. b3 Nc6 3. Bb2 e5 4. Bc4 d6 5. Nc3 Nf6 6. d3 Be7 7. Nge2 O-O 8. O-O Bg4 9. h3 Be6 10. f4 a6 11. f5 Bd7 12. a4 Rb8 13. Ng3 Nb4 14. Bc1 Bc6 15. a5 d5 16. exd5 Nbxd5 17. Nxd5 Nxd5 18. Ne4 Nf6 19. Nxf6+ Bxf6 20. Be3 e4 21. Bxc5 Bxa1 22. Qxa1 Qg5 23. Rf2 e3 24. Re2 Rfe8 25. Qf1 Re5 26. h4 Qxf5 27. Qxf5 Rxf5 28. Bxe3 Re8 29. d4 Rxa5 30. Kf2 Rf5+ 31. Kg1 Rf6 32. Bg5 Rxe2 33. Bxe2 Re6 34. Bc4 Re4 35. d5 Bd7 36. Kf2 h6 37. Bd8 Rf4+ 38. Kg3 Rg4+ 39. Kf3 Rg6 40. Be7 h5 41. g3 Bf5 42. d6 Bd7 43. Bd5 b5 44. c4 Rg4 45. c5 Rd4 46. c6 Bg4+ 47. Ke3 Rxd5 48. d7 Bxd7 49. cxd7 Rxd7 50. Bc5 Kh7 51. b4 Kg6 52. Bf8 Rd8 53. Bc5 Kf5 54. Kf3 Rd3+ 55. Kf2 Ke4 56. Bf8 g6 57. Bh6 Rb3 58. Bf8 Rb2+ 59. Ke1 Kd3 60. Bc5 Rg2 61. Bd6 Ke4 62. Kf1 Kf3 63. Ke1 Re2+ 64. Kd1 Re4 65. Kc2 Ke2 66. Kc3 Rc4+ 67. Kb3 Kd3 68. Be5 Re4 69. Bd6 Re2 70. Bf4 f6 71. Bh6 Re4 72. Bg7 g5 73. Bxf6 g4 74. Bd8 Re3 75. Bc7 Ke2+ 76. Kc2 Rf3 77. Be5 Kf2 78. Kd2 Rxg3 0-1